 Dungeon Crawl Stone Soup version 0.30-a0-1043-g60ff8d5f49 (webtiles) character file.

Game seed: 11399036671805364549

740 Danienth the Stinger (level 7, -14/42 (48) HPs)
             Began as a Demonspawn Venom Mage on Apr 9, 2023.
             Was an Initiate of Ashenzari.
             Demolished by a wight
             ... wielding a +5 war axe
              (21 damage)
             ... on level 4 of the Dungeon.
             The game lasted 00:28:51 (4019 turns).

Danienth the Stinger (Demonspawn Venom Mage)        Turns: 4019, Time: 00:28:52

HP:   -14/42 (48)   AC:  4    Str:  9    XL:     7   Next: 46%
MP:   12/12         EV: 12    Int: 20    God:    Ashenzari [......]
Gold: 227           SH:  0    Dex: 13    Spells: 10/13 levels left

rFire   . . .      SeeInvis .    j - +3 spear "Lethargy of Ashenzari" {Fort, Melee} (curse)
rCold   . . .      Faith    .    (no shield)
rNeg    + . .      Spirit   .    m - +0 robe {rN+}
rPois   .          Reflect  .    g - +2 hat {Will+}
rElec   .          Rampage  .    (no cloak)
rCorr   .                        (no gloves)
Will    +....                    (no boots)
Stlth   ++                       (no amulet)
HPRegen 0.27/turn                (no ring)
MPRegen 0.13/turn                (no ring)

@: hasted, heavily drained, very quick
A: foul stench 1, big brain 1, weakness stinger 2
a: Renounce Religion, Shatter the Chains


You were on level 4 of the Dungeon.
You worshipped Ashenzari.
Ashenzari was noncommittal.
You visited 1 branch of the dungeon, and saw 4 of its levels.

You collected 227 gold pieces.

Inventory:

Hand Weapons
 h - a +0 long sword
 j - the cursed +3 spear "Lethargy of Ashenzari" (weapon) {Fort, Melee}
   (You found it on level 2 of the Dungeon)

   It has a curse which improves the following skills: Fortitude: Armour and
   Shields.
   Melee Combat: Short Blades, Long Blades, Axes, Maces & Flails, Polearms,
   Staves and Unarmed Combat.
 r - a +0 short sword
Armour
 a - a +0 robe
 g - a +2 hat of willpower (worn)
 m - a +0 robe of positive energy (worn)
Scrolls
 d - a scroll of teleportation
 e - a scroll of torment
 f - 3 scrolls of identify
 k - a scroll of amnesia {unknown}
Potions
 c - 2 potions of brilliance
 i - 2 potions of flight
 o - 2 potions of attraction
 q - a potion of berserk rage {unknown}


   Skills:
 + Level 1.4 Fighting
 - Level 0.2(0.3) Long Blades
 * Level 3.4(3.7) Polearms
 + Level 2.7 Dodging
 + Level 2.0 Stealth
 - Level 0.1(0.2) Unarmed Combat
 + Level 3.9 Spellcasting
 + Level 3.1 Transmutations
 + Level 4.9 Poison Magic


You had 10 spell levels left.
You knew the following spells:

 Your Spells              Type           Power      Damage    Failure   Level
a - Sting                 Tmut/Pois      80%        1d7       2%          1
b - Poisonous Vapours     Pois/Air       26%        N/A       7%          2

Your spell library contained the following spells:

 Spells                   Type           Power      Damage    Failure   Level
 Olgreb's Toxic Radiance  Pois           23%        N/A       17%         4
 Mephitic Cloud           Conj/Pois/Air  10%        N/A       21%         3
 Inner Flame              Hex/Fire       3%         N/A       36%         3
 Yara's Violent Unravell  Hex/Tmut       5%         3d4       88%         5
 Enfeeble                 Hex            1%         N/A       100%        7


Dungeon Overview and Level Annotations

Branches:
Dungeon (4/15)
 Temple: D:4-7

Altars:
Ashenzari
Gozag
Kikubaaqudgha
Okawaru
Uskayaw
Jiyva


Innate Abilities, Weirdness & Mutations

You may rarely emit foul miasma when damaged in melee.
You have an unusually large brain. (Int +2)
You have a tail ending in a sharp stinger.


Message History

The wight hits you with a +5 war axe.
It was a potion of haste.
You feel yourself speed up. The wight hits you with a +5 war axe.
* * * LOW HITPOINT WARNING * * *
You partially resist.
You feel drained.
* * * LOW HITPOINT WARNING * * *
You feel much better. The wight hits you with a +5 war axe!
You hit the wight but do no damage.
The wight is moderately damaged.
You barely miss the wight.
The wight is moderately damaged.
The wight hits you with a +5 war axe!
You barely miss the wight.
The wight is moderately damaged.
You feel much better. The wight closely misses you.
You barely miss the wight.
The wight is moderately damaged.
The wight hits you with a +5 war axe.
You hit the wight.
Your tail-slap misses the wight.
The wight is moderately damaged.
You closely miss the wight.
You tail-slap the wight, but do no damage.
The wight is moderately damaged.
The wight hits you with a +5 war axe! Magic courses through your body.
The wight hits you with a +5 war axe!
* * * LOW HITPOINT WARNING * * *
You partially resist.
You feel drained.
* * * LOW HITPOINT WARNING * * *
You emit a cloud of foul miasma!
You hit the wight but do no damage.
The wight is moderately damaged.
You hit the wight but do no damage.
The wight is moderately damaged.
The wight hits you with a +5 war axe.
* * * LOW HITPOINT WARNING * * *
You hit the wight but do no damage. You tail-slap the wight.
The wight is heavily damaged.
The wight hits you with a +5 war axe!!
Ouch! That really hurt!
You die...

............<.## ##.
..............# ..#.
..............# ...#<
..............# ##....##
##..........### #.)....
###....##### ###.........
##.......############...........
##...............z.).............
#...............@)...............
....#########.#####..............
....# #...# #.............. ....#
#...# #.............. ....##
#...# ##....)........ .....#
#...# ##............ .....# #...#
##........... .....# ##..#
##.#.#.#...... .....# #..#
#.............


You could see a wight.

Vanquished Creatures
  Grinder (D:3)
  A black bear (D:4)
  An ogre (D:4)
  A scorpion (D:4)
  A wight (D:4)
  A jelly (D:3)
  Jessica (D:3)
  2 orc wizards (D:4)
  Natasha (D:2)
  3 gnolls (D:2)
  4 adders
  An ufetubus (D:4)
  5 dart slugs
  8 orcs
  A ball python (D:1)
  3 endoplasms
  2 giant cockroaches (D:3)
  5 goblins
  8 hobgoblins
  2 jackals (D:4)
  4 quokkas
  A bat (D:1)
  A frilled lizard (D:1)
  6 kobolds
  2 rats
66 creatures vanquished.

Vanquished Creatures (others)
  Natasha (D:2)
  A giant cockroach (D:2)
  A goblin (D:2)
  A hobgoblin (D:2)
  A quokka (D:2)
  A frilled lizard (D:2)
  A rat (D:2)
  4 toadstools (D:1)
11 creatures vanquished.

Grand Total: 77 creatures vanquished

Notes
Turn   | Place    | Note
-------+----------+-------------------------------------------
     0 | D:1      | Danienth the Demonspawn Venom Mage began the quest for the
                  | Orb.
     0 | D:1      | Reached XP level 1. HP: 13/13 MP: 3/3
   369 | D:1      | Reached skill level 1 in Transmutations
   369 | D:1      | Gained mutation: You may rarely emit foul miasma when
                  | damaged in melee. [demonic ancestry]
   369 | D:1      | Reached XP level 2. HP: 13/19 MP: 0/5
   569 | D:1      | Learned a level 2 spell: Poisonous Vapours
   926 | D:1      | Found a faded altar of an unknown god.
   939 | D:1      | Prayed at the altar of an unknown god.
   939 | D:1      | Became a worshipper of Jiyva Juham the Shapeless
   939 | D:1      | Reached * piety under Jiyva
  1315 | D:2      | Gained mutation: You have a small tail. [demonic ancestry]
  1315 | D:2      | Reached XP level 3. HP: 25/25 MP: 4/6
  1353 | D:2      | Reached skill level 4 in Poison Magic
  1714 | D:2      | Noticed Natasha
  1722 | D:2      | Killed Natasha
  1723 | D:2      | Gained mutation: You have a tail ending in a sharp stinger.
                  | [demonic ancestry]
  1723 | D:2      | Reached XP level 4. HP: 22/31 MP: 3/7
  1747 | D:2      | Reached ** piety under Jiyva
  1783 | D:2      | Killed Natasha
  2231 | D:3      | Noticed Jessica
  2233 | D:3      | Killed Jessica
  2297 | D:3      | Noticed Grinder
  2317 | D:3      | Killed Grinder
  2318 | D:3      | Reached skill level 1 in Fighting
  2318 | D:3      | Reached skill level 1 in Polearms
  2318 | D:3      | Reached XP level 5. HP: 16/37 MP: 7/9
  2318 | D:3      | Reached XP level 6. HP: 19/43 MP: 7/10
  2526 | D:3      | Found a broken altar of Ashenzari.
  2527 | D:3      | Fell from the grace of Jiyva
  2538 | D:3      | Became a worshipper of Ashenzari the Shackled
  2622 | D:3      | Found an opulent altar of Gozag.
  2659 | D:3      | Found a hide-covered altar of Uskayaw.
  3215 | D:4      | Found an ancient bone altar of Kikubaaqudgha.
  3604 | D:4      | Gained mutation: You have an unusually large brain. (Int
                  | +2) [demonic ancestry]
  3604 | D:4      | Reached XP level 7. HP: 48/48 MP: 8/12
  3684 | D:4      | Found an iron altar of Okawaru.
  4019 | D:4      | Demolished by a wight

Illustrated notes

Levels and vault maps discovered:
D:1:      ldierk_walled_garden_2, layout_loops_ring,
          shapermc_ecumenical_altar_notcrosses, fountainhead, grunt_decor_cap,
          hangedman_decor_opposing
D:2:      layout_loops_corners, uniq_natasha
D:3:      layout_rooms, grunt_gozag_breadcrumbs, eat_drink_and_be_merry_uskayaw,
          ashenzari_altar_1, grunt_ministairs_4, nicolae_eternal_life,
          uniq_jessica, uniq_grinder
D:4:      layout_cave_pods, okawaru_ov_weapons_minmay,
          mainiacjoe_overflow_24_doors, serial_shops, nicolae_shop_hallway_plus,
          st_stairs_8, minmay_crossroads

Skill      XL: |  1  2  3  4  5  6  7 |
---------------+----------------------+-----
Transmutations | 1 2 3 |  3.1
Poison Magic   | 4 |  4.9
Dodging        | 2 |  2.7
Fighting       | 1 |  1.4
Polearms       | 1 2 3 |  3.4
Stealth        | 2 |  2.0
Spellcasting   | 3 |  3.9
Long Blades    | |  0.2
Unarmed Combat | |  0.1

Action                     |  1- 3 |  4- 6 |  7- 9 || total
---------------------------+-------+-------+-------++-------
  Melee: Unarmed           |    26 |       |       ||    26
         Long sword        |     9 |     1 |       ||    10
         Tailslap          |     2 |     6 |     9 ||    17
         Spear             |       |    53 |    42 ||    95
   Cast: Sting             |    50 |    58 |    20 ||   128
         Poisonous Vapours |       |     2 |       ||     2
 Invoke: Curse Item        |       |     1 |       ||     1
         Renounce Religion |       |     1 |       ||     1
    Use: Scroll            |     1 |     4 |       ||     5
         Potion            |       |       |     6 ||     6
 Armour: Robe              |    12 |    21 |    18 ||    51
  Dodge: Dodged            |    39 |    43 |    29 ||   111

Table legend: (Time is in decaauts)
 A = Elapsed time spent in this place.
 B = Non-inter-level travel time spent in this place.
 C = Inter-level travel time spent in this place.
 D = Time resting spent in this place.
 E = Time spent auto-exploring this place.
 F = Levels seen in this place.
 G = Mean time per level.
                   A        B        C        D        E       F      G
               +--------+--------+--------+--------+--------+-----+--------+
         Total |   4019 |   3665 |    354 |    515 |   2569 |   4 | 1004.8 |
       Dungeon |   4019 |   3665 |    354 |    515 |   2569 |   4 | 1004.8 |
               +--------+--------+--------+--------+--------+-----+--------+

Top non-repeatable levels by time:
     D:1: 1311 daAuts
     D:4: 914 daAuts
     D:2: 897 daAuts
     D:3: 897 daAuts
